[Event "*** Titled Tuesday Blitz"]
[Site "Chess.com"]
[Date "2021.02.02"]
[Round "2"]
[White "szefru"]
[Black "korbul"]
[Result "0-1"]
[WhiteElo "2217"]
[BlackElo "2616"]
[TimeControl "180+1"]
[EndTime "10:20:15 PST"]
[Termination "korbul won by resignation"]

1. e4 c5 2. Nf3 e6 3. b3 b6 4.
Bb2 Bb7 5. Nc3 Nf6 6. Qe2 a6 7. O-O-O d6 8. e5 dxe5 9. Nxe5 Nc6 10. Nxc6 Bxc6 11. f3 Be7 12. Ne4 Qc7 13. g4 b5 14.
h4 Nxe4 15. fxe4 O-O 16. g5 c4 17. h5 cxb3 18. axb3 Bxg5 19. Rg1 h6 20. Rxg5 hxg5 21. h6 e5 22. hxg7 Kxg7 23. d4 f6 24. dxe5 fxe5 25.
Qh2 Rf4 26. Qh5 Qe7 27. Bd3 Rh8 28. Qe2 Qc5 29. Qg2 Rh5 30. Rg1 Qe3+ 31. Kb1 Rf2 32. Qg4 Rf7 33. Bc1 Qh3 34. Qxh3 Rxh3 35. Bxg5 Kf8 36.
Bd2 Ke8 37. Bc3 Kd7 38. Bxe5 Re7 39. Bc3 Bxe4 40. Bxe4 Rxe4 41. Rg7+ Kc6 42. Rg6+ Kd5 43. Kb2 b4 44. Bg7 a5 45. Ra6 a4 46. Ra5+ Kc6 47. Rxa4 Rh2 48. Rxb4 Rxb4 49. Kc3 Re4 50. b4 Ree2 51.
b5+ Kxb5 0-1

[Event "*** Titled Tuesday Blitz"]
[Site "Chess.com"]
[Date "2021.02.02"]
[Round "2"]
[White "salomez"]
[Black "dolynachess"]
[Result "1/2-1/2"]
[WhiteElo "2217"]
[BlackElo "2430"]
[TimeControl "180+1"]
[EndTime "10:20:15 PST"]
[Termination "Game drawn by agreement"]

1. e4 c5 2. Nf3 d6 3. d4 cxd4 4. Nxd4 Nf6 5. Nc3 g6 6. Be3 Bg7 7. f3 O-O 8. Qd2 Nc6 9. O-O-O d5 10. exd5 Nxd5 11. Nxc6 bxc6 12. Bd4 e5 13. Bc5 Be6 14. Ne4 Re8 15. Bc4 a5 16. g4 Nf4 17. Qf2 Qc7 18.
Bxe6 Nxe6 19. Bd6 Qb7 20. h4 Nd4 21. h5 Nb5 22. Qh2 Nxd6 23. Nxd6 Qb4 24. hxg6 hxg6 25. Nxe8 Rxe8 26. Qd2 Qa4 27. Kb1 e4 28. fxe4 Rb8 29. c3 Qxe4+ 30. Ka1 Qxg4 31. Rhf1 a4 32. Qd7 Qxd7 33.
Rxd7 a3 34. Rfxf7 axb2+ 35. Kb1 Bxc3 36. Rf3 Bg7 37. Rd6 Re8 38. Rf1 g5 39. Rxc6 g4 40.
Rg6 Re4 41. Rg1 Re7 42. R6xg4 Kf8 43. Rxg7 Rxg7 44. Rxg7 Kxg7 45. Kxb2 Kf6 46. Kb3 Ke7 47. Kb4 Kd7 48. Kb5 Kc7 49. Ka6 Kb8 50. a4 Ka8 51. Kb6 Kb8 1/2-1/2

[Event "*** Titled Tuesday Blitz"]
[Site "Chess.com"]
[Date "2021.02.02"]
[Round "2"]
[White "Artyom_ChessMate"]
[Black "Smirnov_Pavel"]
[Result "0-1"]
[WhiteElo "2560"]
[BlackElo "2874"]
[TimeControl "180+1"]
[EndTime "10:20:16 PST"]
[Termination "Smirnov_Pavel won by resignation"]

1. e4 c5 2. Nc3 Nc6 3. Bb5 Nd4 4. Nf3 a6 5. Bd3 g6 6. b4 Nxf3+ 7. Qxf3 cxb4 8.
Nd5 Bg7 9. Rb1 e6 10. Ne3 Ne7 11. a3 O-O 12. axb4 Nc6 13. O-O Ne5 14. Qe2 d5 15. exd5 exd5 16. Bb2 d4 17. Nc4 Nxd3 18.
Qxd3 Bf5 19. Qb3 Be6 20. Qd3 Rc8 21. Na5 Bf5 22. Qf3 Rxc2 23. Nxb7 Qb8 24. d3 Rd2 25. Rfd1 Rxd3 26. Rxd3 Bxd3 27. Qxd3 Qxb7 28. Bc1 Rc8 29. Bd2 Qb5 30. Qxb5 axb5 31. Kf1 Rc2 32. Ke1 Bf8 33. Ra1 Rb2 34. Ra8 Kg7 35. Bh6+ Kxh6 36. Rxf8 f5 37.
Rd8 Rxb4 38. Ke2 Rb2+ 39. Kf3 Rb3+ 40. Ke2 d3+ 41. Kd2 Kg5 42. Rd4 Kf6 43. g3 Ke5 44. Rh4 h5 45. Rf4 g5 46. Rf3 Rb2+ 47. Kxd3 Rb3+ 48.
Ke2 Rxf3 49. Kxf3 Kd4 50. Ke2 Kc3 51. f4 gxf4 52. Kf3 fxg3 53. hxg3 b4 54. Kf4 0-1

[Event "*** Titled Tuesday Blitz"]
[Site "Chess.com"]
[Date "2021.02.02"]
[Round "2"]
[White "IMJonathanCarlstedt"]
[Black "1977Ivan"]
[Result "0-1"]
[WhiteElo "2481"]
[BlackElo "2708"]
[TimeControl "180+1"]
[EndTime "10:20:16 PST"]
[Termination "1977Ivan won on time"]

1. d4 Nf6 2. Bf4 d6 3. Nf3 Nbd7 4. Nc3 c5 5. d5 b5 6. Nxb5 Qa5+ 7. Nc3 Rb8 8. Bd2 Rxb2 9. e4 g6 10. Bd3 Bg7 11. O-O O-O 12. a4 Ng4 13. Nb5 Qb6 14. Bc3 Bxc3 15. Nxc3 Nde5 16. Nxe5 Nxe5 17. a5 Qb8 18. f4 Ng4 19. Qd2 c4 20. Be2 Nf6 21. Bf3 Qc7 22. Kh1 Bg4 23. Bxg4 Nxg4 24.
h3 Nf6 25. Rfe1 Nd7 26. Re3 Rfb8 27. Rae1 f6 28. g4 Qxa5 29. g5 Qb4 30. gxf6 exf6 31.
f5 Ne5 32. fxg6 hxg6 33. Rg3 Rb7 34. Rf1 Rf7 35. Qh6 Rg7 36. Rxf6 Rxc2 37. Qf4 Qb8 38. Nd1 c3 39. Ne3 Rc1+ 40. Kh2 c2 41. Rg2 Rh1+ 42.
Kxh1 c1=Q+ 43. Kh2 Qc5 0-1

[Event "*** Titled Tuesday Blitz"]
[Site "Chess.com"]
[Date "2021.02.02"]
[Round "2"]
[White "Murad_Ibrahimli"]
[Black "Nozdrachev_Leonid"]
[Result "1-0"]
[WhiteElo "2857"]
[BlackElo "2547"]
[TimeControl "180+1"]
[EndTime "10:20:17 PST"]
[Termination "Murad_Ibrahimli won on time"]

1. d4 d6 2. Nf3 Nf6 3. Bg5 Nbd7 4.
c4 g6 5. Nc3 Bg7 6. e3 O-O 7.
Be2 b6 8. O-O Bb7 9. b4 Ne4 10.
Nxe4 Bxe4 11. Nd2 Bb7 12. Bf3 Bxf3 13. Nxf3 c5 14. Qa4 h6 15. Bh4 g5 16. Bg3 g4 17.
Nh4 cxd4 18. exd4 Bxd4 19. Rad1 Bg7 20. c5 bxc5 21. bxc5 Nxc5 22. Qxg4 e5 23. Bxe5 Qg5 24. Qxg5 hxg5 25. Bxd6 gxh4 26. Bxc5 Rfe8 27. Be3 Rac8 28.
Rd7 a6 29. Ra7 Re6 30. Rd1 Rc2 31. h3 Bh6 32. Rd8+ Kg7 33. Bxh6+ Rxh6 34. Rd4 Rf6 35.
Rg4+ Kf8 36. f3 Rg6 37. Rxg6 fxg6 38. Rxa6 Kg7 39. Ra4 g5 40. Rg4 Kf6 41. f4 gxf4 42. Rxf4+ Kg5 43. Rg4+ Kh5 44. a4 Ra2 45. Kf1 Ra1+ 46.
Ke2 Ra3 47. Kd2 1-0

[Event "*** Titled Tuesday Blitz"]
[Site "Chess.com"]
[Date "2021.02.02"]
[Round "2"]
[White "KNCP_719"]
[Black "bogcsab"]
[Result "0-1"]
[WhiteElo "2591"]
[BlackElo "2171"]
[TimeControl "180+1"]
[EndTime "10:20:18 PST"]
[Termination "bogcsab won by resignation"]

1. e4 d6 2. d4 Nf6 3. Nc3 g6 4. h3 c6 5. a4 Nbd7 6. Be3 c5 7. Nge2 cxd4 8. Bxd4 Bg7 9. g4 O-O 10. Bg2 Nc5 11. O-O e5 12. Be3 Ne6 13. Qd2 Qe7 14.
Rad1 Rd8 15. f4 exf4 16. Nxf4 Nxf4 17. Bxf4 Nxg4 18. hxg4 Bxg4 19. Rde1 Be5 20. Bg5 Qe6 21. Nd5 Bh3 22. Qd3 Bxg2 23. Kxg2 Qg4+ 24. Kf2 Qxg5 25. c3 f5 26. exf5 Rf8 27. Ke2 Bg3 28. Rg1 Rae8+ 29. Ne3 Qf4 30. Ref1 Qe5 31. Kd2 Bf4 32. Rf3 Bxe3+ 33.
Rxe3 Qxe3+ 34. Qxe3 Rxe3 35. Kxe3 Rxf5 36. Rd1 Rf6 37.
Ke4 Kf7 38. Kd5 Ke7 39. a5 Rf5+ 40. Kc4 Rxa5 41. Re1+ Re5 42. Ra1 a6 43. Rh1 h5 44.
Rg1 g5 45. Kd4 h4 46. Rf1 h3 47. Rh1 g4 48. b4 Kf6 49. Rf1+ Kg5 50. Rf8 h2 51. Rg8+ Kf4 52. Rh8 Kg3 0-1

[Event "*** Titled Tuesday Blitz"]
[Site "Chess.com"]
[Date "2021.02.02"]
[Round "2"]
[White "dropstoneDP"]
[Black "KruHor"]
[Result "1-0"]
[WhiteElo "2959"]
[BlackElo "2587"]
[TimeControl "180+1"]
[EndTime "10:20:19 PST"]
[Termination "dropstoneDP won on time"]

1. c4 Nf6 2. Nc3 e6 3. d4 Bb4 4. Nh3 O-O 5. a3 Bxc3+ 6. bxc3 c6 7. f3 d5 8. Nf2 Nbd7 9. e4 e5 10. f4 exf4 11. e5 Ne4 12. Nxe4 dxe4 13. Bxf4 f6 14. exf6 Nxf6 15. Be2 Nd5 16. cxd5 Rxf4 17. Qd2 Qd6 18.
dxc6 bxc6 19. Qe3 Be6 20. Kd2 Raf8 21. Rhf1 Rxf1 22. Rxf1 Rb8 23. Qf4 Rb2+ 24. Ke3 Qxa3 25. Qxe4 Qxc3+ 26. Kf2 Bf7 27. Kg1 Rd2 28. Bh5 g6 29.
Bf3 Qxd4+ 30. Qxd4 Rxd4 31. Bxc6 a5 32. Ra1 Rd6 33.
Bb5 Rb6 34. Bf1 Kg7 35. Rxa5 Rb1 36. Rc5 Rd1 37. Kf2 Ra1 38. h3 Rb1 39. Be2 Ra1 40. Rc7 Kf6 41. g4 Ra5 42. h4 h6 43. Bd3 g5 44. Rc6+ 1-0

[Event "*** Titled Tuesday Blitz"]
[Site "Chess.com"]
[Date "2021.02.02"]
[Round "2"]
[White "mikolka1985"]
[Black "Yaacovn"]
[Result "0-1"]
[WhiteElo "2563"]
[BlackElo "2884"]
[TimeControl "180+1"]
[EndTime "10:20:19 PST"]
[Termination "Yaacovn won on time"]

1. d4 Nf6 2. c4 e5 3. dxe5 Ne4 4. Nf3 Nc6 5. Nbd2 Bb4 6. a3 Nxd2 7. Bxd2 Bxd2+ 8.
Qxd2 O-O 9. Qc3 Qe7 10. Rd1 Re8 11. Rd5 b6 12. e3 Bb7 13. Be2 Rad8 14. O-O Nb8 15.
Rc1 Bxd5 16. cxd5 c5 17. d6 Qe6 18. Bc4 Qg6 19. Bd5 Nc6 20. b4 cxb4 21. axb4 Rc8 22. b5 Ne7 23. Bc4 Nf5 24. e4 Nh6 25. Qd4 Rc5 26. Ra1 Rec8 27. Bf1 Qe6 28. h3 Ra8 29. g3 f6 30. exf6 gxf6 31. Ra4 Nf7 32. Bc4 Rxc4 33. Rxc4 Nxd6 34. Rb4 Re8 35. Nd2 Qe5 36. Kg2 Qxd4 37. Rxd4 Nxb5 38. Rxd7 Rb8 39. f4 a5 40. Nc4 a4 41. e5 fxe5 42. fxe5 a3 43. Rd2 Ra8 44. Ra2 Ra6 45. Kf3 Kf7 46. Ke4 Nc3+ 47. Kf5 Nxa2 48.
Nd6+ Kf8 49. e6 Nb4 50. Kf6 Nd5+ 51. Ke5 Ne7 52. Kf6 a2 0-1

[Event "*** Titled Tuesday Blitz"]
[Site "Chess.com"]
[Date "2021.02.02"]
[Round "2"]
[White "Fighterman91"]
[Black "ruvat"]
[Result "1-0"]
[WhiteElo "2659"]
[BlackElo "2338"]
[TimeControl "180+1"]
[EndTime "10:20:19 PST"]
[Termination "Fighterman91 won on time"]

1. e4 d6 2. d4 Nf6 3. Nc3 g6 4. Be3 Bg7 5. Qd2 c6 6. O-O-O b5 7. f3 Qa5 8. Kb1 Nbd7 9. Bh6 Bxh6 10. Qxh6 b4 11.
Nce2 Ba6 12. Nc1 Bxf1 13. Rxf1 Nb6 14. Nge2 Na4 15. h4 Qb5 16. Qg5 Qxg5 17. hxg5 Nd7 18. Rh6 Kf8 19. Rfh1 Kg7 20. Nd3 c5 21. f4 a5 22. f5 cxd4 23. Nxd4 Nac5 24. R1h4 Rac8 25. b3 Nxd3 26. cxd3 Ne5 27. Rh3 Rc3 28. fxg6 fxg6 29. Ne6+ Kg8 30. d4 Rxh3 31. Rxh3 Nd7 32. Rf3 h6 33. a3 hxg5 34. axb4 axb4 35. Nxg5 Rh2 36. Rg3 Rh1+ 37. Kc2 Nf6 38. e5 Nd5 39. exd6 exd6 40.
Ne4 Kg7 41. Nxd6 Rf1 42. Ne4 Rf4 43. Kd3 Rf8 44. Ng5 Rf6 45. Ne4 1-0

[Event "*** Titled Tuesday Blitz"]
[Site "Chess.com"]
[Date "2021.02.02"]
[Round "2"]
[White "kidagent"]
[Black "ErikRonka"]
[Result "0-1"]
[WhiteElo "2259"]
[BlackElo "2468"]
[TimeControl "180+1"]
[EndTime "10:20:19 PST"]
[Termination "ErikRonka won by resignation"]

1. e4 c6 2. d4 d5 3. Nc3 dxe4 4. Nxe4 Bf5 5. Ng3 Bg6 6. Nf3 Nd7 7. h4 h6 8. h5 Bh7 9. Bd3 Bxd3 10. Qxd3 e6 11. Bd2 Qc7 12. O-O-O Ngf6 13. Ne4 O-O-O 14. Kb1 c5 15.
dxc5 Nxc5 16. Nxc5 Rxd3 17. Nxd3 Bd6 18. g3 Rd8 19.
Rh4 Qb6 20. Be3 Qc6 21. Nd2 Kb8 22. Rc4 Qg2 23. Ra4 b6 24. Nc4 Qf3 25. Rc1 Bc7 26.
Nce5 Qb7 27. Nxf7 Rd5 28. Nf4 Rf5 29. Nxe6 Nd5 30. Nxc7 Qxc7 31. Nh8 Nxe3 32. fxe3 Qxg3 33. Rd4 Qg2 34. Ng6 Rf1 35. Rdd1 Rxd1 36. Rxd1 Qg4 37.
Kc1 Qxh5 38. Nf4 Qf3 39. Re1 g5 40. Nd3 g4 41. Kd2 g3 42. Nf4 g2 43. Ne2 Qf2 44. Rg1 h5 45. Kd3 h4 0-1

[Event "*** Titled Tuesday Blitz"]
[Site "Chess.com"]
[Date "2021.02.02"]
[Round "2"]
[White "AungTZ"]
[Black "ketster"]
[Result "1/2-1/2"]
[WhiteElo "2003"]
[BlackElo "2365"]
[TimeControl "180+1"]
[EndTime "10:20:19 PST"]
[Termination "Game drawn by repetition"]

1. e4 e5 2. Nf3 Nc6 3. d4 exd4 4. Nxd4 Bb4+ 5. c3 Bc5 6. Be3 Bb6 7. Bc4 Nf6 8. Nd2 O-O 9. O-O d5 10. Nxc6 bxc6 11.
Bxb6 axb6 12. Bd3 dxe4 13. Nxe4 Ba6 14. Bxa6 Rxa6 15. Nxf6+ Qxf6 16. Qd7 Ra7 17. Rfe1 h6 18. a3 c5 19. Rad1 Qf4 20. g3 Qc4 21. Re7 Qb3 22. Rd2 b5 23. Qc6 b4 24. cxb4 cxb4 25. Qb5 c6 26. Qc5 Rxe7 27. Qxe7 bxa3 28. bxa3 Ra8 29.
Kg2 Qxa3 30. Rd8+ Kh7 31. Qe4+ g6 32. Rd7 Qb3 33. Qxc6 Rf8 34. Qf3 Kg8 35. Re7 Qxf3+ 36.
Kxf3 Kg7 37. h4 Kf6 38. Ra7 h5 39. Ra6+ Kg7 40. Kf4 Re8 41. Ra5 Re2 42. f3 Rc2 43. Ra4 Rc3 44. Re4 Rb3 45. Rd4 Kf6 46. Re4 Kg7 47. Rc4 Kf6 48. Rc6+ Kg7 49. Rc4 Kf6 50. Re4 Kg7 1/2-1/2

[Event "*** Titled Tuesday Blitz"]
[Site "Chess.com"]
[Date "2021.02.02"]
[Round "2"]
[White "Azerichess"]
[Black "Frolyanov_D"]
[Result "0-1"]
[WhiteElo "2993"]
[BlackElo "2616"]
[TimeControl "180+1"]
[EndTime "10:20:20 PST"]
[Termination "Frolyanov_D won on time"]

1. d4 d5 2. c4 e6 3. Nf3 Nf6 4. g3 dxc4 5. Bg2 Nc6 6. Qa4 Bb4+ 7. Bd2 Nd5 8. O-O Bxd2 9. Nbxd2 c3 10. bxc3 Nxc3 11.
Qc4 Nxd4 12. Kh1 Nxf3 13. Nxf3 Nd5 14. Rfd1 Qe7 15. e4 Nb6 16. Qc3 O-O 17. a4 a5 18. Ne5 f6 19. Nd3 e5 20. Nc5 Bg4 21. f3 Be6 22. Nxb7 Nc4 23. Rab1 Rfb8 24. Bf1 Nd6 25. Nxa5 Rxb1 26. Rxb1 h5 27. Nc6 Qf7 28. a5 h4 29. g4 Kh7 30. a6 Bd7 31. Nb4 Bb5 32. Bxb5 Nxb5 33. Qc6 Rb8 34. Qd5 Qg6 35. Qc5 Qg5 36. Nd5 c6 37. Qxc6 Nd4 38. Qc1 Rxb1 39. Qxb1 Nxf3 40. Qf1 Nd2 41. Qe2 Nb3 42. a7 Qc1+ 43.
Kg2 Qa1 0-1

[Event "*** Titled Tuesday Blitz"]
[Site "Chess.com"]
[Date "2021.02.02"]
[Round "2"]
[White "SlavenPastar"]
[Black "davigator"]
[Result "1-0"]
[WhiteElo "2636"]
[BlackElo "2323"]
[TimeControl "180+1"]
[EndTime "10:20:20 PST"]
[Termination "SlavenPastar won by resignation"]

1. d4 Nf6 2. Nf3 e6 3. c4 Bb4+ 4.
Bd2 a5 5. e3 O-O 6. Bd3 d5 7.
O-O b6 8. cxd5 exd5 9. Re1 Ba6 10. Bxa6 Nxa6 11. Nc3 c6 12. Rc1 Rc8 13. Qe2 Nb8 14. Ne5 Re8 15. a3 Bxc3 16. Rxc3 Ne4 17. Rc2 f6 18. Nd3 Qd6 19. Rec1 Nd7 20. Be1 a4 21. f3 Ng5 22. Bg3 Qe6 23. Kf2 c5 24. Nf4 Qf7 25. Qb5 h6 26. Qxa4 Nh7 27. Qb3 c4 28.
Qb5 g5 29. Nxd5 h5 30. e4 h4 31. Bc7 Nhf8 32. Bxb6 Rb8 33. a4 Ne6 34. Rd2 Nxb6 35.
Nxb6 Red8 36. d5 Nc7 37. Qc6 Na6 38. a5 Nb4 39. Qxc4 Qe7 40. d6+ Qf7 41. Qxb4 Rb7 42. Qc4 Kg7 43. Qxf7+ Rxf7 44. Rc7 Kf8 45. Rxf7+ Kxf7 46. d7 Ke7 47. a6 f5 48. a7 fxe4 49. fxe4 g4 1-0

[Event "*** Titled Tuesday Blitz"]
[Site "Chess.com"]
[Date "2021.02.02"]
[Round "2"]
[White "elchiricr"]
[Black "Kretov_Evgenij"]
[Result "1-0"]
[WhiteElo "2330"]
[BlackElo "2544"]
[TimeControl "180+1"]
[EndTime "10:20:21 PST"]
[Termination "elchiricr won by resignation"]

1. d4 Nf6 2. c4 c5 3. d5 e5 4. Nc3 d6 5. e4 Be7 6. Nf3 O-O 7. Be2 Ne8 8. O-O Nd7 9. Ne1 Bg5 10.
Nd3 g6 11. b4 Bxc1 12. Rxc1 cxb4 13. Nxb4 Nc5 14. Na4 Qa5 15. Nxc5 Qxc5 16. Nd3 Qd4 17. Bf3 b6 18. Nb4 Qxd1 19. Rfxd1 Nc7 20. h3 Na6 21. a3 Nc5 22. Rc3 Bd7 23. Re3 Rac8 24. Rc1 f5 25.
exf5 gxf5 26. Be2 Kf7 27. f4 e4 28. Kf2 Rg8 29. Rg1 Rcf8 30. Nc2 Ke7 31. Nd4 Rg7 32. Rg3 Rxg3 33. Kxg3 Kf6 34. Kf2 Rg8 35. g4 h6 36.
Ke3 a6 37. Rb1 Rb8 38. gxf5 Bxf5 39. Bg4 Bxg4 40. hxg4 Rb7 41. Rh1 Kg6 42. f5+ Kg5 43.
Rh5+ Kxg4 44. Rxh6 Rd7 45. Rg6+ Kh5 46. Rg8 Nd3 47. Rb8 Ne5 48. Rc8 Rg7 49. Ne6 Rg3+ 50. Ke2 Ng4 51. Rh8+ Nh6 52. f6 Rf3 53. Ng7+ Kg6 54.
Ne8 Rxa3 55. Nxd6 Ra2+ 56. Ke1 e3 57. f7 Nxf7 58. Nxf7 Kxf7 59. Rb8 Rb2 60. c5 Rd2 61. c6 Rxd5 62. c7 Rc5 63. c8=Q Rxc8 64. Rxc8 Ke6 65. Rc6+ Kd5 66. Rxb6 1-0

[Event "*** Titled Tuesday Blitz"]
[Site "Chess.com"]
[Date "2021.02.02"]
[Round "2"]
[White "LubovMarkelova"]
[Black "sakkikuska"]
[Result "1/2-1/2"]
[WhiteElo "2250"]
[BlackElo "2450"]
[TimeControl "180+1"]
[EndTime "10:20:21 PST"]
[Termination "Game drawn by repetition"]

1. Nf3 Nf6 2. c4 g6 3. Nc3 d5 4.
cxd5 Nxd5 5. e4 Nxc3 6. bxc3 Bg7 7. Bc4 O-O 8. Ba3 c5 9. Bxc5 Qc7 10. d4 Nd7 11. Qb3 Nxc5 12. dxc5 Qxc5 13. O-O Bg4 14. Nd4 Rac8 15. Bd5 Qxc3 16. Qxc3 Rxc3 17. h3 Bxh3 18.
gxh3 Bxd4 19. Bxb7 Rxh3 20. Kg2 Bxa1 21. Kxh3 Bd4 22.
f3 Rb8 23. Rb1 h5 24. Rb3 Kg7 25. Bd5 Rxb3 26. axb3 e6 27. Bc4 Kf6 28. f4 Be3 29. Kg3 Bd2 30. Kf3 e5 31. fxe5+ Ke7 32. Kg3 g5 33. Be2 h4+ 34. Kg4 Ke6 35. Bc4+ Kxe5 36. Bxf7 Kxe4 37. Be6 Ke3 38. Bf7 Kf2 39. Bd5 Kg1 40.
Bc6 Kf2 41. Bd5 Bf4 42. Bc6 Ke3 43. Bd5 Kd4 44. Be6 Ke4 45. Bf7 Bd2 46. Be6 Ke5 47.
Bc8 Ke4 48. Bd7 Kd3 49. Be6 Ke2 50. Bc4+ Kf2 51. Bd5 1/2-1/2

[Event "*** Titled Tuesday Blitz"]
[Site "Chess.com"]
[Date "2021.02.02"]
[Round "2"]
[White "Khnykin_Nikolay"]
[Black "Firstov"]
[Result "0-1"]
[WhiteElo "2101"]
[BlackElo "2402"]
[TimeControl "180+1"]
[EndTime "10:20:23 PST"]
[Termination "Firstov won on time"]

1. d4 b6 2. Nc3 Bb7 3. Bf4 e6 4. e4 Bb4 5. f3 f5 6. exf5 Nh6 7.
fxe6 O-O 8. Bxh6 Qh4+ 9. g3 Qxh6 10. Bg2 dxe6 11. Qe2 Nc6 12. Qd3 Rad8 13. Ne2 Ne5 14. Qd2 Qxd2+ 15. Kxd2 Bxf3 16. Bxf3 Nxf3+ 17. Ke3 Nxd4 18.
Nxd4 Bc5 19. Rad1 e5 20. Ne2 exd4+ 21. Kd3 Rf2 22. Rhe1 Rxh2 23. Kc4 Re8 24. Nxd4 Rxe1 25. Rxe1 Bxd4 26. Kxd4 Rxc2 27. Re7 Rxb2 28. Rxc7 Rxa2 29.
Ke5 Ra5+ 30. Ke6 h6 31. Rc8+ Kh7 32. Rc7 Kg6 33. Rd7 a6 34. Rd6 Rb5 35. Kd7+ Kh7 36. Kc7 a5 37. Rd4 Rb4 38. Rd3 a4 39. Ra3 b5 40. Kc6 Rb3 41. Ra1 a3 42. Kc5 b4 43. Kc4 Rb2 44. g4 a2 45. Kd3 b3 46.
Kc3 Rb1 0-1

[Event "*** Titled Tuesday Blitz"]
[Site "Chess.com"]
[Date "2021.02.02"]
[Round "2"]
[White "Mr_Sinigami"]
[Black "AsaHoffmann"]
[Result "1-0"]
[WhiteElo "2643"]
[BlackElo "2357"]
[TimeControl "180+1"]
[EndTime "10:20:24 PST"]
[Termination "Mr_Sinigami won by resignation"]

1. d4 Nf6 2. Nf3 d6 3. Bf4 Bg4 4.
Nbd2 Nbd7 5. h3 Bh5 6. g4 Bg6 7.
Bg2 c6 8. c3 e6 9. Nh4 e5 10. Bg3 Be7 11. Nxg6 hxg6 12. e3 Qc7 13. Qb3 O-O 14. O-O Rfe8 15. Rac1 Bf8 16. Rfe1 Rab8 17. Qd1 Red8 18. a3 a6 19. Qc2 b5 20. Qd3 c5 21.
Bf3 c4 22. Qc2 Re8 23. g5 Nh5 24. Bh2 Qd8 25. h4 Be7 26. Kh1 a5 27. Rg1 Qc7 28.
Rg2 Nf8 29. Rcg1 b4 30. cxb4 axb4 31. Qxc4 Qxc4 32. Nxc4 Rec8 33. Na5 exd4 34. exd4 bxa3 35. bxa3 d5 36. Bxd5 Bxa3 37. Nc6 Ra8 38. Ra1 Bb2 39. Rxa8 Rxa8 40. Ne7+ Kh7 41. Bxa8 Bxd4 42. Bd5 Ne6 43. Bxe6 fxe6 44. f4 Be3 45. Rg4 Bc5 46. Nc6 Bf2 47.
Kg2 Be3 48. Kf3 Bc5 49. Rg2 Bd6 50. Re2 1-0

[Event "*** Titled Tuesday Blitz"]
[Site "Chess.com"]
[Date "2021.02.02"]
[Round "2"]
[White "Sjakkerntobi"]
[Black "Aikiigm"]
[Result "0-1"]
[WhiteElo "2322"]
[BlackElo "2584"]
[TimeControl "180+1"]
[EndTime "10:20:25 PST"]
[Termination "Aikiigm won on time"]

1. d4 d5 2. c4 c6 3. cxd5 cxd5 4. Nc3 Nc6 5. Bg5 f6 6. Bd2 Nxd4 7. Be3 Nf5 8. Qxd5 Nxe3 9. Qxd8+ Kxd8 10. fxe3 a6 11. O-O-O+ Kc7 12. Nf3 e5 13. e4 Be6 14. e3 Rc8 15.
Kb1 Bc5 16. Nd5+ Bxd5 17. exd5 Bxe3 18. d6+ Kd8 19. Bd3 Nh6 20. Be4 b6 21. Rhe1 Bc5 22. Bb7 Rb8 23. Bxa6 b5 24. Rd5 Bb4 25. Red1 Nf5 26.
Bxb5 Ne3 27. R1d3 Nxd5 28. Rxd5 Rb6 29. d7 Ke7 30. a4 Rhb8 31. Kc2 Bd6 32. Nd2 Ke6 33.
Nc4 Kxd5 34. Nxb6+ Ke6 35. Nc8 Bc7 36. Bc6 f5 37. Kc3 Ba5+ 38. Kd3 Rxb2 39. Kc4 Rb8 40. Kc5 e4 41. Bb5 e3 42. Na7 Bb6+ 43. Kc6 Bxa7 44. Kc7 Ke7 45. a5 Ra8 46. Kb7 Rb8+ 47. Kc7 Rd8 0-1

[Event "*** Titled Tuesday Blitz"]
[Site "Chess.com"]
[Date "2021.02.02"]
[Round "2"]
[White "AniJak"]
[Black "Margency"]
[Result "0-1"]
[WhiteElo "2275"]
[BlackElo "2625"]
[TimeControl "180+1"]
[EndTime "10:20:26 PST"]
[Termination "Margency won on time"]

1. e4 c5 2. Nf3 d6 3. Bb5+ Nc6 4. O-O Bd7 5. Re1 Nf6 6. c3 a6 7. Bf1 Bg4 8. h3 Bxf3 9. Qxf3 e6 10. d3 Be7 11. Qg3 O-O 12. Bh6 Ne8 13. Be3 Rc8 14.
Nd2 d5 15. Nf3 Bd6 16. e5 Be7 17. d4 cxd4 18. cxd4 Nb4 19. Rec1 Rxc1 20. Rxc1 Nxa2 21. Rd1 g6 22. h4 Ng7 23. Bh6 Nf5 24. Qf4 Re8 25.
h5 Nb4 26. Bg5 Bxg5 27. Nxg5 h6 28. Nf3 g5 29. Qd2 a5 30. g4 Ne7 31. Nxg5 hxg5 32.
Qxg5+ Kh7 33. Qf6 Rg8 34. g5 Nf5 35. Qxf7+ Rg7 36. g6+ Kh8 37. Qxe6 Qg5+ 38. Bg2 Nh4 39. Qh3 Qxh5 40. Rc1 Rxg6 41. Rc8+ Kh7 42. Rc7+ Rg7 43. Rxg7+ Kxg7 44. Qd7+ Kh6 45. Qd6+ Qg6 46. Qf8+ Kg5 0-1

[Event "*** Titled Tuesday Blitz"]
[Site "Chess.com"]
[Date "2021.02.02"]
[Round "2"]
[White "Squirlolz"]
[Black "pavet"]
[Result "0-1"]
[WhiteElo "2475"]
[BlackElo "2346"]
[TimeControl "180+1"]
[EndTime "10:20:26 PST"]
[Termination "pavet won on time"]

1. d4 Nf6 2. Nf3 g6 3. Nc3 d5 4. Bf4 Bf5 5. e3 Bg7 6. Nb5 Na6 7. h3 O-O 8. Be2 c6 9. Nc3 Nb4 10. Rc1 Qa5 11. O-O Nxa2 12. Nxa2 Qxa2 13. Qd2 Qxb2 14. Rb1 Qxc2 15. Qxc2 Bxc2 16. Rxb7 e6 17. Rc1 Ba4 18. Ra1 Bb5 19. Bxb5 cxb5 20. Rxb5 Rfd8 21. Ra6 h6 22. Rb7 Rd7 23. Rb8+ Rxb8 24. Bxb8 Rd8 25. Bxa7 Ra8 26. Ra5 Ne4 27. Bb6 Rb8 28. Ra6 g5 29. g3 Bf6 30. Kg2 Kg7 31. g4 Rb7 32. Ne1 Nd6 33. Nd3 Nc4 34. Bc5 Rb3 35. Ne1 Rb2 36. Kg3 Nd2 37. Ba3 Ne4+ 38. Kg2 Rxf2+ 39. Kg1 Re2 40. Kf1 Rxe3 41. Ra8 Rxh3 42. Bf8+ Kg6 43. Bc5 Nxc5 44.
dxc5 Rc3 45. Rc8 Rc1 46. Ke2 h5 47. gxh5+ Kxh5 48. c6 g4 49. Nd3 Rc2+ 50. Ke3 Bg5+ 51.
Kd4 g3 52. c7 g2 53. Rh8+ Kg4 54. Ne5+ Kg3 55. Rg8 f6 0-1

[Event "*** Titled Tuesday Blitz"]
[Site "Chess.com"]
[Date "2021.02.02"]
[Round "2"]
[White "alexrustemov"]
[Black "r31415"]
[Result "1-0"]
[WhiteElo "2774"]
[BlackElo "2507"]
[TimeControl "180+1"]
[EndTime "10:20:27 PST"]
[Termination "alexrustemov won on time"]

1. d4 Nf6 2. Nf3 g6 3. c4 Bg7 4. g3 O-O 5. Bg2 c6 6. O-O d5 7.
b3 a5 8. Nc3 Ne4 9. Bb2 Nxc3 10. Bxc3 a4 11. e3 Bf5 12. Qe2 Nd7 13. Rfd1 Qb6 14.
Nd2 Bc2 15. Rdc1 axb3 16. axb3 Rxa1 17. Rxa1 Nf6 18. c5 Qc7 19. b4 b5 20. cxb6 Qxb6 21. Qa6 Rb8 22. Qxb6 Rxb6 23. Ra8+ Bf8 24. f3 Kg7 25. e4 e6 26. Ra2 Bd3 27. Rb2 Nd7 28.
Kf2 Nb8 29. Ke3 Ba6 30. g4 Bb7 31. Bf1 Ba6 32. Bg2 Bc8 33. Bf1 f5 34. gxf5 gxf5 35. Bd3 Kf6 36. Nb3 Bxb4 37. Nd2 Ba5 38. Rc2 Bxc3 39. Rxc3 Na6 40. Nb3 Nb4 41. Nc5 Na6 42.
Bxa6 Bxa6 43. Ra3 Bc8 44. e5+ Ke7 45. Ra8 Kd8 46. Ra7 h6 47. Rh7 Rb1 48. Rxh6 Ke7 49. Rh7+ Kd8 50. h4 Re1+ 51. Kf4 Rd1 52. Ke3 Re1+ 53.
Kd2 Rf1 54. Ke2 Rh1 55. h5 Rh4 56. h6 1-0

[Event "*** Titled Tuesday Blitz"]
[Site "Chess.com"]
[Date "2021.02.02"]
[Round "2"]
[White "J36225"]
[Black "rachidhuilda"]
[Result "1-0"]
[WhiteElo "2443"]
[BlackElo "2219"]
[TimeControl "180+1"]
[EndTime "10:20:27 PST"]
[Termination "J36225 won by checkmate"]

1. e4 c5 2. Nf3 e6 3. d4 cxd4 4. Nxd4 a6 5. c4 Nf6 6. Nc3 Bb4 7. Qd3 Nc6 8. Nxc6 dxc6 9. Qxd8+ Kxd8 10. Bg5 h6 11.
Bxf6+ gxf6 12. O-O-O+ Ke7 13. Kc2 e5 14. f3 Be6 15.
Bd3 Rhg8 16. Rd2 Rad8 17. Rhd1 h5 18. a3 Bxc3 19. Kxc3 h4 20. c5 Rg7 21. Bf1 Rxd2 22. Rxd2 f5 23. b4 fxe4 24. fxe4 f5 25. exf5 Bxf5 26. a4 Be6 27. Re2 Kf6 28. Rf2+ Ke7 29. b5 axb5 30. axb5 cxb5 31. Kb4 Bd5 32. Kxb5 Bc6+ 33. Kb6 Rg4 34. Rb2 Ke6 35. g3 hxg3 36.
Bh3 Kf5 37. hxg3 Kg5 38. Bxg4 Kxg4 39. Rb3 Bf3 40. Re3 e4 41. Kxb7 Kxg3 42. c6 Kf4 43. c7 Kxe3 44. c8=Q Kf2 45. Qc2+ Ke3 46. Qc3+ Kf2 47.
Qd2+ Be2 48. Qf4+ Bf3 49. Qh2+ Ke1 50. Kb6 e3 51. Kc5 e2 52. Kd4 Kd1 53. Kd3 e1=Q 54.
Qc2# 1-0

[Event "*** Titled Tuesday Blitz"]
[Site "Chess.com"]
[Date "2021.02.02"]
[Round "2"]
[White "Kaua18"]
[Black "TheCairnTerrier"]
[Result "1-0"]
[WhiteElo "2399"]
[BlackElo "2102"]
[TimeControl "180+1"]
[EndTime "10:20:28 PST"]
[Termination "Kaua18 won on time"]

1. e4 c5 2. Nf3 e6 3. g3 Nc6 4. Bg2 Nf6 5. Qe2 d6 6. O-O Be7 7. c3 Qb6 8. Na3 O-O 9. Nc2 Bd7 10.
d4 cxd4 11. cxd4 Rac8 12. b3 d5 13. e5 Ne4 14. Bb2 Nb4 15. Nxb4 Bxb4 16. Rfc1 Bb5 17. Qe3 Ba6 18. a3 Be7 19. Nd2 Bg5 20. f4 Nxd2 21. Qxd2 Be7 22. b4 Qb5 23. Bf1 Qb6 24. Bxa6 Qxa6 25. Rxc8 Rxc8 26. Rc1 Rc4 27. Rxc4 Qxc4 28. Kf2 Bd8 29. Qc3 Kf8 30. Qxc4 dxc4 31. a4 a6 32. a5 Ke8 33. Ke3 Kd7 34. Ke4 Kc6 35. Bc3 Be7 36. f5 Kb5 37. fxe6 fxe6 38. d5 exd5+ 39. Kxd5 h5 40. e6 g6 41. h3 b6 42. axb6 Kxb6 43. Kxc4 Kc6 44. Be5 Bd8 45.
g4 1-0